 Dungeon Crawl Stone Soup version 0.24.0-7-gb3623d2c88 (webtiles) character file.

Game seed: 17519277339121851118, levelgen mode: deterministic

13273 Aviak the Fighter (level 11, -18/87 HPs)
             Began as a Black Draconian Skald on Nov 2, 2019.
             Was an Elder of Ru.
             Killed from afar by an ice dragon (41 damage)
             ... with a blast of cold
             ... on level 1 of the Lair of Beasts.
             The game lasted 00:32:45 (16159 turns).

Aviak the Fighter (Black Draconian Skald)          Turns: 16159, Time: 00:32:46

Health: -18/87     AC: 10    Str: 14    XL:     11   Next: 73%
Magic:  22/22      EV: 18    Int: 19    God:    Ru [****..]
Gold:   529        SH:  5    Dex: 13    Spells: 14/25 levels left

rFire    . . .     SeeInvis .   F - +1 trident
rCold    . . .     Gourm    .   J - +0 buckler
rNeg     . . .     Faith    .   (armour unavailable)
rPois    .         Spirit   .   (helmet restricted)
rElec    +         Reflect  .   (no cloak)
rCorr    .         Harm     .   C - +1 pair of gloves
MR       +....                  P - +0 pair of boots
Stlth    ..........             q - amulet "Laenuosh" {Acrobat MR+}
HPRegen  0.24/turn              E - +2 ring of evasion
MPRegen  0.18/turn              (no ring)

@: brilliant, exhausted, short of breath, studying Staves, lightly drained
A: breathe lightning, unfitting armour, frail 1, electricity resistance,
cold-blooded, no stealth, hated by all, AC +7
a: Breathe Lightning, Draw Out Power, Power Leap, Renounce Religion


You were on level 1 of the Lair of Beasts.
You worshipped Ru.
Ru was greatly pleased with you.
You were not hungry.

You visited 3 branches of the dungeon, and saw 14 of its levels.
You also visited: Ossuary.

You collected 737 gold pieces.
You spent 208 gold pieces at shops.

Inventory:

Hand Weapons
 a - a +0 spear
 F - a +1 trident (weapon)
Armour
 A - a +0 large shield
 C - a +1 pair of gloves (worn)
 J - a +0 buckler (worn)
 P - a +0 pair of boots (worn)
Jewellery
 d - an uncursed amulet of rage
 q - the amulet "Laenuosh" (around neck) {Acrobat MR+}
   (You found it on level 8 of the Dungeon)

   [amulet of the acrobat]

   It helps you evade while moving and waiting.
   It affects your resistance to hostile enchantments.
 w - an uncursed amulet of the gourmand
 E - a +2 ring of evasion (left hand)
 M - a cursed amulet of inaccuracy {unknown}
 S - an uncursed ring of magical power {unknown}
Wands
 v - a wand of iceblast (2)
 z - a wand of random effects (31)
 G - a wand of acid (2)
 L - a wand of disintegration (20)
 Q - a wand of flame (20)
Scrolls
 b - 6 scrolls of fog
 e - 3 scrolls of magic mapping
 i - 4 scrolls of identify
 j - 5 scrolls of amnesia
 l - 2 scrolls of noise {!r!r}
 n - 3 scrolls of enchant weapon
 o - a scroll of vulnerability {!r}
 r - 6 scrolls of remove curse
 t - 6 scrolls of teleportation
 y - 6 scrolls of enchant armour
 H - 2 scrolls of blinking {unknown}
 K - a scroll of fear {unknown}
Potions
 c - a potion of curing
 f - a potion of haste
 h - 2 potions of heal wounds
 k - 4 potions of degeneration {!q!q}
 m - a potion of ambrosia
 p - a potion of agility
 u - 3 potions of flight {unknown}
 x - a potion of mutation {unknown}
 B - a potion of cancellation {unknown}
 D - 2 potions of resistance {unknown}
 I - 2 potions of berserk rage
 N - a potion of magic {unknown}
 R - a potion of might {unknown}
Books
 O - a manual of Staves
Comestibles
 s - 13 rations


   Skills:
 + Level 9.4(9.0) Fighting
 + Level 8.7(8.3) Polearms
 + Level 8.0(7.6) Dodging
 + Level 4.0(3.7) Shields
 + Level 7.9(7.6) Spellcasting
 + Level 8.1(7.7) Charms


You had 14 spell levels left.
You knew the following spells:

 Your Spells              Type           Power        Failure   Level  Hunger
a - Infusion              Chrm           ####         1%          1    None
b - Song of Slaying       Chrm           #####...     1%          2    None
c - Regeneration          Chrm/Necr      ####......   1%          3    #......
d - Shroud of Golubria    Chrm/Tloc      ####..       1%          2    None
e - Spectral Weapon       Hex/Chrm       ####....     1%          3    #......

Your spell library contained the following spells:

 Spells                   Type           Power        Failure   Level  Hunger
 Apportation              Tloc           ###...       1%          1    None
 Confusing Touch          Hex            ###...       1%          1    None
 Magic Dart               Conj           ###.         1%          1    None
 Sting                    Conj/Pois      ###.         1%          1    None
 Poisonous Vapours        Pois/Air       ###...       1%          2    None
 Searing Ray              Conj           ###...       1%          2    None
 Dazzling Spray           Conj/Hex       ###...       3%          3    #......
 Mephitic Cloud           Conj/Pois/Air  ###.....     3%          3    #......
 Force Lance              Conj/Tloc      ###.....     11%         4    ###....
 Fulminant Prism          Conj/Hex       ###.......   11%         4    ###....
 Iskenderun's Mystic Bla  Conj           ###.....     11%         4    ###....
 Olgreb's Toxic Radiance  Pois           ###.....     11%         4    ###....
 Venom Bolt               Conj/Pois      ###.......   26%         5    #####..
 Animate Skeleton         Necr           Unusable     N/A         1    N/A
 Summon Small Mammal      Summ           Unusable     N/A         1    N/A

Dungeon Overview and Level Annotations

Branches:
Dungeon (12/15)            Temple (1/1) D:5            Lair (1/6) D:9
Ossuary (visited)
    Orc: D:9-12

Altars:
Ashenzari
Cheibriados
Dithmenos
Elyvilon
Fedhas
Gozag
Hepliaklqana
Kikubaaqudgha
Makhleb
Nemelex Xobeh
Okawaru
Qazlal
Ru
Sif Muna
Trog
Uskayaw
Vehumet
Wu Jian
Xom
Yredelemnul
Zin
The Shining One

Shops:
D:5 *   D:7 =


Innate Abilities, Weirdness & Mutations

You can breathe wild blasts of lightning.
Your glossy black scales are hard. (AC +7)
You cannot fit into any form of body armour.
You are frail. (-10% HP)
You are resistant to electric shocks. (rElec)
You are cold-blooded and may be slowed by cold attacks.
You cannot be stealthy.
You are hated by all.


Message History

* * * LOW HITPOINT WARNING * * *
You focus your will and blind the ice dragon in retribution!
The ice dragon completely misses you.
You are restored by drawing out deep reserves of power within.
You feel drained. The ice dragon barely misses you. The ice dragon misses you.
The ice dragon tramples you!
You stumble backwards!
Evoke which item? (* to show all) (? for menu, Esc to quit)
Okay, then.
You closely miss the ice dragon.
You tail-slap the ice dragon, but do no damage.
The ice dragon is heavily wounded.
Your spectral weapon hits the ice dragon!
The ice dragon misses you. You block the ice dragon's attack.
The ice dragon tramples you.
* * * LOW HITPOINT WARNING * * *
You hold your ground!
You feel clever all of a sudden. The ice dragon breathes frost at you.
The blast of cold hits you!!!
You die...

...........# #.#
.##........# ##.#
..#........# #..#
...........# #.##
..#........#### #.#
..P....>......# #.#
...........##.####.#
..#........##.##(D.#
..#........##...@###
#..........#######
...........########
..................#
..................#
..................#
..................#
..............(...#
..................#


You could see an ice dragon (blind) and a friendly spectral +1 trident.

Vanquished Creatures
  A hydra (D:11)
  A two-headed ogre (D:8)
  The ghost of grouchysmurf the Spear-Bearer, a novice MfSk of Makhleb (D:7)
  The ghost of Fingolfin the Skirmisher, a novice NaWz (D:7)
  Pikel (D:5)
  An ugly thing (D:11)
  4 elephants
  A spiny frog (D:9)
  A komodo dragon (D:9)
  2 ice devils (D:11)
  A hornet (D:11)
  2 trolls
  5 hippogriffs
  3 slime creatures (D:11)
  A human (D:8)
  Grum (D:11)
  The ghost of ambioZ the Covered, an amateur FoFi of Okawaru (D:7)
  2 hungry ghosts (D:8)
  A steam dragon (D:7)
  A water moccasin (D:7)
  2 ice beasts
  3 phantoms
  3 sky beasts
  3 orc warriors
  3 slaves (D:5)
  A black bear (D:10)
  6 ogres
  3 centaurs
  A crocodile (Lair:1)
  4 wolves (D:11)
  Blork the orc (D:5)
  7 bullfrogs
  A wyvern skeleton (D:10)
  3 scorpions
  3 killer bees (D:10)
  4 howler monkeys
  2 crimson imps
  A quasit (D:8)
  A gnoll shaman (D:7)
  4 hounds
  2 jellies
  3 orc priests
  12 orc wizards
  An iguana (D:6)
  9 worker ants
  A killer bee zombie (D:8)
  7 big kobold zombies (Ossuary)
  A hound skeleton (D:6)
  2 hound zombies (D:5)
  A mummy (Ossuary)
  3 worker ant zombies
  3 gnolls (D:7)
  9 adders
  A shadow imp (D:7)
  An adder skeleton (D:9)
  4 worms
  2 dart slugs
  7 leopard geckos
  49 orcs
  A spectral bat (Ossuary)
  16 giant cockroaches
  12 goblins
  5 hobgoblins
  8 jackals
  4 kobolds
  8 quokkas
  A ball python (D:1)
  6 bats
  4 bat simulacra (Ossuary)
  7 frilled lizards
  A giant cockroach zombie (D:6)
  5 gnoll zombies (Ossuary)
  3 goblin simulacra (Ossuary)
  A goblin zombie (Ossuary)
  3 hobgoblin zombies (Ossuary)
  A kobold simulacrum (Ossuary)
  9 kobold zombies (Ossuary)
  5 orc zombies (Ossuary)
  11 rats
  4 rat simulacra (Ossuary)
  5 spectral goblins (Ossuary)
  4 spectral kobolds (Ossuary)
  3 spectral rats (Ossuary)
  3 plants (D:9)
336 creatures vanquished.

Vanquished Creatures (others)
  A spiny frog (Lair:1)
  A crocodile (D:10)
  An orc wizard (D:4)
  An adder (D:7)
  2 plants (D:9)
  8 spectral weapons
  4 withered plants (D:7)
18 creatures vanquished.

Grand Total: 354 creatures vanquished

Notes
Turn   | Place    | Note
-------+----------+-------------------------------------------
     0 | D:1      | Aviak the Draconian Skald began the quest for the Orb.
     0 | D:1      | Reached XP level 1. HP: 17/17 MP: 3/3
   269 | D:1      | Reached XP level 2. HP: 25/25 MP: 5/5
  1048 | D:2      | Found a faded altar of an unknown god.
  1174 | D:2      | Reached XP level 3. HP: 16/30 MP: 1/6
  1687 | D:2      | Reached XP level 4. HP: 37/37 MP: 7/7
  1929 | D:3      | Found a hazy altar of Hepliaklqana.
  2140 | D:3      | Reached skill level 3 in Fighting
  2574 | D:3      | Noticed an ogre
  2590 | D:3      | Killed an ogre
  2590 | D:3      | Reached XP level 5. HP: 22/45 MP: 0/9
  2800 | D:3      | Learned a level 2 spell: Song of Slaying
  2804 | D:3      | Learned a level 3 spell: Regeneration
  2807 | D:3      | Learned a level 2 spell: Shroud of Golubria
  2936 | D:4      | Noticed a phantom
  2970 | D:4      | HP: 2/45 [phantom (9)]
  3347 | D:4      | Reached XP level 6. HP: 50/51 MP: 4/10
  3501 | D:4      | Reached skill level 4 in Fighting
  3591 | D:4      | Found a sand-covered staircase.
  3598 | Ossuary  | Entered an ossuary
  4037 | Ossuary  | Your scales start taking on a glossy black colour.
  4037 | Ossuary  | Reached XP level 7. HP: 59/59 MP: 5/12
  4037 | Ossuary  | Gained mutation: You are resistant to electric shocks.
                  | (rElec) [Black Draconian growth]
  5063 | D:4      | Found a snail-covered altar of Cheibriados.
  5356 | D:4      | Found an iron altar of Okawaru.
  5357 | D:4      | Found a burning altar of Makhleb.
  5543 | D:5      | Entered Level 5 of the Dungeon
  5565 | D:5      | Noticed Pikel
  5575 | D:5      | Found a staircase to the Ecumenical Temple.
  5582 | Temple   | Entered the Ecumenical Temple
  5912 | Temple   | Became a worshipper of Ru the Awakened
  5976 | D:5      | Reached XP level 8. HP: 65/67 MP: 14/14
  6002 | D:5      | Reached skill level 5 in Fighting
  6169 | D:5      | Killed Pikel
  6169 | D:5      | Reached skill level 5 in Polearms
  6169 | D:5      | Reached skill level 5 in Charms
  6588 | D:5      | Reached skill level 5 in Dodging
  6697 | D:5      | Noticed Blork the orc
  6705 | D:5      | Killed Blork the orc
  6852 | D:5      | Found Xuidgh's Assorted Antiques.
  6857 | D:5      | Bought a potion of heal wounds for 130 gold pieces
  6857 | D:5      | Bought a scroll of teleportation for 78 gold pieces
  7362 | D:6      | Reached skill level 5 in Spellcasting
  7374 | D:6      | Reached skill level 6 in Fighting
  7633 | D:6      | Reached XP level 9. HP: 61/75 MP: 11/16
  7665 | D:6      | Gained mutation: You are hated by all. [Ru sacrifice]
  7665 | D:6      | Reached * piety under Ru
  8019 | D:7      | Found a runed translucent gate.
  8019 | D:7      | Found a runed translucent gate.
  8019 | D:7      | Found a runed translucent gate.
  8019 | D:7      | Noticed ambioZ's ghost (amateur FoFi)
  8019 | D:7      | Noticed grouchysmurf's ghost (novice MfSk)
  8020 | D:7      | Noticed Fingolfin's ghost (novice NaWz)
  8463 | D:7      | Found Wisodeajo's Jewellery Emporium.
  8485 | D:7      | Learned a level 3 spell: Spectral Weapon
  8937 | D:7      | Found a shimmering blue altar of Sif Muna.
  9235 | D:7      | Killed ambioZ's ghost
  9253 | D:7      | Killed grouchysmurf's ghost
  9253 | D:7      | Reached skill level 7 in Fighting
  9349 | D:7      | Killed Fingolfin's ghost
  9349 | D:7      | Reached XP level 10. HP: 23/86 MP: 19/19
 10066 | D:8      | Got a smoking lead amulet
 10677 | D:8      | Gained mutation: You are frail. (-10% HP) [Ru sacrifice]
 10677 | D:8      | Reached ** piety under Ru
 10677 | D:8      | Reached *** piety under Ru
 10758 | D:8      | Noticed a two-headed ogre
 10768 | D:8      | Killed a two-headed ogre
 11028 | D:9      | Reached skill level 8 in Fighting
 11517 | D:9      | Reached skill level 1 in Shields
 11549 | D:9      | Identified the amulet "Laenuosh" {Acrobat MR+} (You found
                  | it on level 8 of the Dungeon)
 11860 | D:9      | Found a staircase to the Lair.
 11893 | D:10     | Entered Level 10 of the Dungeon
 12819 | D:10     | Reached XP level 11. HP: 24/85 MP: 18/21
 13291 | D:11     | Noticed a green ugly thing
 13294 | D:11     | Noticed a four-headed hydra
 13307 | D:11     | Killed a green ugly thing
 13324 | D:11     | Killed a four-headed hydra
 13326 | D:11     | Gained mutation: You cannot be stealthy. [Ru sacrifice]
 13326 | D:11     | Reached **** piety under Ru
 13690 | D:11     | Noticed Grum
 13742 | D:11     | Killed Grum
 13789 | D:11     | Paralysed by a hornet for 3 turns
 13802 | D:11     | Reached skill level 9 in Fighting
 14586 | Lair:1   | Entered Level 1 of the Lair of Beasts
 15724 | Lair:1   | Noticed an ice dragon
 16159 | Lair:1   | Killed from afar by an ice dragon

Levels and vault maps discovered:
D:1:      elethiomel_arrival_shortcut, layout_basic
D:2:      minmay_roachtagon, layout_basic, chequers_ecumenical_altar_twisty,
          minmay_misc_feat_x
D:3:      layout_basic, old_standard_altar, portal_sewer_entry_a,
          minmay_ogre_servants
D:4:      layout_basic, overflow_temple_1_default,
          gammafunk_temple_overflow_statue, nicolae_ossuary_entry_monument
D:5:      layout_basic, temple_hall, first_ration, serial_shops,
          kennysheep_little_box, uniq_pikel, uniq_blork_the_orc
D:6:      layout_basic
D:7:      layout_basic, tgw_sif, serial_shops, shop_fountains,
          gammafunk_ghost_cemetery
D:8:      layout_basic, grunt_pizzeria, hangedman_abyss_or_decor_passed
D:9:      layout_irregular_city, david_lair_shrubbed, kennysheep_small_spiral
D:10:     layout_roguey
D:11:     layout_roguey, portal_ice_cave_demonic_guard, uniq_grum
D:12:     layout_long_grid, minmay_orc_entry_guard_dogs, st_stairs_12
Temple:   minmay_crystal_spiral_temple
Lair:1:   dragon1_lemuel, layout_regular_city, serial_bayou_shore_b

Skill      XL: |  1  2  3  4  5  6  7  8  9 10 11 |
---------------+----------------------------------+-----
Charms         | 3 4 5 6 7 8 |  8.1
Fighting       | 3 4 6 7 8 9 |  9.4
Polearms       | 3 4 5 6 7 8 |  8.7
Dodging        | 3 4 5 6 7 8 |  8.0
Spellcasting   | 3 4 5 6 7 |  7.9
Shields        | 2 4 |  4.0

Action                   |  1- 3 |  4- 6 |  7- 9 | 10-12 || total
-------------------------+-------+-------+-------+-------++-------
Melee: Spear             |   143 |   472 |   453 |       ||  1068
       Tailslap          |    12 |    50 |    53 |    83 ||   198
       Trident           |       |       |   140 |   609 ||   749
 Cast: Infusion          |     3 |    17 |    25 |     5 ||    50
       Regeneration      |       |     2 |     9 |    14 ||    25
       Song of Slaying   |       |     2 |       |     1 ||     3
       Shroud of Golubri |       |       |     2 |     5 ||     7
       Spectral Weapon   |       |       |     2 |    27 ||    29
Invok: Sacrifice Love    |       |       |     1 |       ||     1
       Sacrifice Health  |       |       |       |     1 ||     1
       Draw Out Power    |       |       |       |     4 ||     4
       Sacrifice Stealth |       |       |       |     1 ||     1
 Abil: Breathe Lightning |       |       |    26 |    18 ||    44
Evoke: Wand              |       |       |    10 |     4 ||    14
  Use: Scroll            |     3 |     3 |     5 |     8 ||    19
       Potion            |       |     3 |     8 |     3 ||    14
 Stab: Sleeping          |     2 |     4 |     1 |     3 ||    10
       Distracted        |       |       |     2 |     2 ||     4
       Invisible         |       |       |       |     3 ||     3
  Eat: Chunk             |     3 |     4 |    13 |    21 ||    41
       Ration            |       |     1 |     4 |     5 ||    10
Armor: Skin              |    43 |    90 |   101 |   154 ||   388
Dodge: Dodged            |   102 |   246 |   340 |   523 ||  1211
Block: Buckler           |       |       |       |    81 ||    81
